 Dungeon Crawl Stone Soup version 0.18.1-1-g2f07953 (webtiles) character file.

185 Aleksandr27reg the Covert (level 5, -3/38 HPs)
             Began as a Vampire Assassin on Aug 24, 2016.
             Slain by a worker ant (7 damage)
             ... on level 4 of the Dungeon.
             The game lasted 00:15:47 (2642 turns).

Aleksandr27reg the Covert (Vampire Assassin)        Turns: 2642, Time: 00:15:48

Health: -3/38      AC:  4    Str: 10    XL:     5   Next: 37%
Magic:  5/5        EV: 13    Int: 14    God:
Gold:   208        SH:  0    Dex: 16    Spells: 0 memorised, 4 levels left

rFire  . . .     SeeInvis +     a - +3 dagger
rCold  + . .     Gourm    .     c - +0 robe
rNeg   + + .     Faith    .     (no shield)
rPois  +         Spirit   .     (no helmet)
rElec  .         Dismiss  .     d - +1 cloak
rCorr  .         Reflect  .     (no gloves)
SustAt .         Harm     +     (no boots)
MR     .....                    j - amulet of harm
Stlth  +++++.....               (no ring)
                                (no ring)

@: lethally poisoned (-3 -> -6), regenerating slowly, not resistant to hostile
enchantments, quite stealthy
A: fangs 3, see invisible, unbreathing
a: Bat Form


You were on level 4 of the Dungeon.
You were thirsty.

You visited 1 branch of the dungeon, and saw 5 of its levels.

You collected 208 gold pieces.

Inventory:

Hand Weapons
 a - a +3 dagger (weapon)
 b - a +0 blowgun
Missiles
 e - 8 poisoned needles
 f - 2 curare-tipped needles
Armour
 c - a +0 robe (worn)
 d - a +1 cloak (worn)
Jewellery
 j - an amulet of harm (around neck)
Scrolls
 l - 3 scrolls of remove curse
 m - 3 scrolls of identify
 n - 2 scrolls of enchant weapon
 o - a scroll of teleportation
 r - a scroll of enchant armour
Potions
 g - 3 potions of blood
 h - a potion of curing
 i - a potion of mutation {unknown}
 k - a potion of ambrosia
 p - a potion of cure mutation
 q - a potion of heal wounds


   Skills:
 + Level 2.2 Fighting
 + Level 2.3 Short Blades
 + Level 1.8 Throwing
 * Level 2.3 Dodging
 * Level 9.1 Stealth


You had 4 spell levels left.
You didn't know any spells.

Dungeon Overview and Level Annotations

Branches:
Dungeon (5/15)             Temple (0/1) D:4

Altars:
Ru

Annotations:
D:3 skewfiend's ghost, amateur OgAM
D:4 Eustachio


Innate Abilities, Weirdness & Mutations

You heal slowly.
You have razor-sharp teeth.
You have supernaturally acute eyesight.
You can survive without breathing.


Message History

You are poisoned.
The worker ant poisons you!
You hit the worker ant but do no damage.
You bite the worker ant, but do no damage.
The worker ant is heavily wounded.
You feel sick. The worker ant misses you. The worker ant bites you.
* * * LOW HITPOINT WARNING * * *
You feel sick.
There is a stone staircase leading up here.
You feel sick.
The worker ant bites you but does no damage.
You climb upwards.
Level annotation: Eustachio
There is a stone staircase leading down here.
The worker ant bites you.
* * * LOW HITPOINT WARNING * * *
You feel sick.
You feel sick. The worker ant bites you.
You die...

.######.# #.# #(# #.##.........
..ยง.....# #.# #.# #.###########
######..###.#####.###.## #######
#.............##.##...## #......
#.###..###..#.##.#.....###.#####
#.# #..# #..#.##........##.###
#.# #..# #..#................@#
#[# #..###..####......>.#####.#
#.# #..........@a#.....## #. #.#
#######.#######...## #.## #.#
#.# ##### #... #.# #.# ####
#.#########.# #...........#
#############


You could see a worker ant.

Vanquished Creatures
  An ogre (D:4)
  A hound (D:4)
  A worker ant (D:4)
  A hound skeleton (D:4)
  A worm (D:3)
  3 orcs
  A ball python (D:4)
  4 giant cockroaches
  3 goblins
  2 hobgoblins (D:1)
  3 kobolds (D:1)
  4 bats
  7 giant newts
  A quokka skeleton (D:5)
  4 rats
37 creatures vanquished.

Notes
Turn   | Place    | Note
--------------------------------------------------------------
     0 | D:1      | Aleksandr27reg the Vampire Assassin began the quest for the Orb.
     0 | D:1      | Reached XP level 1. HP: 16/16 MP: 1/1
    53 | D:1      | Reached skill level 6 in Stealth
   379 | D:1      | Reached XP level 2. HP: 22/22 MP: 2/2
  1082 | D:2      | You fall through a shaft!
  1084 | D:3      | Found a sacrificial altar of Ru.
  1266 | D:3      | Noticed skewfiend's ghost (amateur OgAM)
  1378 | D:3      | Found a faded altar to an unknown god.
  1379 | D:3      | Reached skill level 7 in Stealth
  1710 | D:3      | Reached XP level 3. HP: 27/27 MP: 3/3
  1954 | D:4      | Noticed Eustachio
  2000 | D:4      | Found a staircase to the Ecumenical Temple.
  2153 | D:4      | Reached skill level 8 in Stealth
  2153 | D:4      | Reached XP level 4. HP: 33/33 MP: 4/4
  2328 | D:4      | Noticed an ogre
  2331 | D:4      | Killed an ogre
  2331 | D:4      | Reached skill level 9 in Stealth
  2331 | D:4      | Reached XP level 5. HP: 38/38 MP: 5/5
  2617 | D:5      | Entered Level 5 of the Dungeon
  2642 | D:4      | Slain by a worker ant

Skill      XL: |  1  2  3  4 |
---------------+-------------+-----
Stealth        | 6 7 8 9 |  9.1
Fighting       | 2 |  2.2
Dodging        | 2 |  2.3
Short Blades   | |  2.3
Throwing       | |  1.8

Action                   |  1- 3 |  4- 6 || total
-------------------------+-------+-------++-------
Melee: Dagger            |    63 |    21 ||    84
       Bite              |     2 |     4 ||     6
 Fire: Blowgun           |     7 |       ||     7
  Use: Scroll            |     7 |     1 ||     8
       Potion            |     5 |     4 ||     9
 Stab: Sleeping          |    16 |     4 ||    20
Armor: Robe              |    20 |     3 ||    23
Dodge: Dodged            |    34 |     6 ||    40
